 Dungeon Crawl Stone Soup version 0.31-a0-700-gf13585253f (webtiles) character file.

Game seed: 4593553269427928742

124 ytrimaz the Insei (level 5, 0/33 HPs)
             Began as an Octopode Shapeshifter on Sept 7, 2023.
             Succumbed to an adder's poison
             ... on level 4 of the Dungeon.
             The game lasted 00:02:44 (2030 turns).

ytrimaz the Insei (Octopode Shapeshifter)           Turns: 2030, Time: 00:02:45

Health: 0/33       AC:  1    Str: 13    XL:     5   Next: 8%
Magic:  5/5        EV: 14    Int: 12    God:
Gold:   117        SH:  0    Dex: 14    Spells: 4/4 levels left

rFire   . .          .
                       - Unarmed
rCold   . . .        (no shield)
rNeg    . . .        (helmet currently unavailable)
rPois   .            (no amulet)
rElec   .            l - ring of willpower
rCorr   .            (no ring)
SInv    .            (no ring)
Will    +....        (no ring)
Stlth   ++           (no ring)
HPRegen 0.25/turn    (no ring)
MPRegen 0.09/turn    (no ring)
                     (no ring)

%: no passive effects
@: lethally poisoned (0 -> -3), beast-form
A: beast (slay +2), almost no armour, amphibious, 8 rings, camouflage 1,
gelatinous body 1, (nimble swimmer 1), tentacles
a: Begin Untransformation


You were on level 4 of the Dungeon.
You were a hulking beast.
You visited 1 branch of the dungeon, and saw 4 of its levels.

You collected 117 gold pieces.


Innate Abilities, Weirdness & Mutations

You are a hulking beast.
Your limbs bulge with bestial killing power. (Slay +2)
You cannot wear most types of armour.
You are amphibious.
You can wear up to eight rings at the same time.
Your skin changes colour to match your surroundings (Stealth+).
Your rubbery body absorbs attacks. (AC +1, EV +1)
((You are camouflaged when in or above water. (Stealth+)))
You have tentacles for arms and can constrict up to eight enemies at once.


   Skills:
 - Level 1.0 Fighting
 + Level 3.3 Dodging
 + Level 4.0 Unarmed Combat
 + Level 3.9 Shapeshifting


You had 4 spell levels left.
You didn't know any spells.
Your spell library contained the following spells:

 Spells                   Type           Power      Damage    Failure   Level
 Apportation              Tloc           0%         N/A       32%         1
 Ensorcelled Hibernation  Hex/Ice        0%         N/A       45%         2
 Passwall                 Tmut/Erth      0%         N/A       45%         2
 Ignite Poison            Fire/Tmut/Pois 0%         N/A       69%         3
 Swiftness                Air            0%         N/A       69%         3
 Sticky Flame             Conj/Fire      0%         2d3       97%         4
 Summon Forest            Summ/Tloc      0%         N/A       100%        5
 Summon Mana Viper        Hex/Summ       0%         N/A       100%        5
 Summon Cactus Giant      Summ           0%         N/A       100%        6
 Ignition                 Fire           0%         3d3       100%        8

Inventory:

Jewellery
 j - a ring of ice
   (You found it on level 2 of the Dungeon)
 l - a ring of willpower (left tentacle)
   (You found it on level 3 of the Dungeon)
Talismans
 b - a beast talisman (active)
 c - a flux talisman
Scrolls
 d - 3 scrolls of identify {unknown}
 e - 2 scrolls of revelation {unknown}
 f - a scroll of enchant armour {unknown}
 m - a scroll of teleportation {unknown}
Potions
 a - 2 potions of lignification
 g - a potion of curing {unknown}
 h - a potion of might {unknown}
 i - a potion of heal wounds {unknown}
 k - a potion of attraction {unknown}

Dungeon Overview and Level Annotations

Branches:
Dungeon (4/15) Zot: 21977
 Temple: D:4-7

Altars:

.. ......# ...
.....# ....
....+
...####...#
#....#...#
#........#
#.......#######
#..†....†h..#<#
#....[..###.#.#
+.......# #...#
#...##### #####
#... #... #...
#...


There were no monsters in sight!


Message History

Done exploring.
Done exploring.
You see here a +0 dagger.
There is a stone staircase leading down here.
You climb downwards.
There is a stone staircase leading up here.
Unknown command.
You open the door.
A jackal comes into view.
A jackal is nearby!
A jackal is nearby!
There is an open door here. 2 jackals come into view.
The jackal barks!
An adder comes into view.
The jackal moves out of view.
The jackal closely misses you. x2
You barely miss the jackal.
The jackal barks! x2
You grab the jackal.
You constrict the jackal, but do no damage.
The jackal bites you. 😕 HP[-1]
You take 1 damage, and now have 32/33 hp.
You tentacle-slap the jackal. You constrict the jackal.
The jackal bites you. 😕 HP[-1]
You take 1 damage, and now have 31/33 hp.
You bludgeon the jackal!
You kill the jackal!
The jackal closely misses you. The adder barely misses you.
The jackal barely misses you. The adder closely misses you.
Your Unarmed Combat skill increases to level 4!
The jackal attacks as it pursues you! The jackal bites you.
The adder attacks as it pursues you! The adder bites you.
You are poisoned.
The adder poisons you! 😕 HP[-3]
You take 3 damage, and now have 28/33 hp.
You feel sick. The jackal bites you. 😮 HP[-5]
You take 5 damage, and now have 23/33 hp.
You feel sick. The adder attacks as it pursues you!
The adder closely misses you. The jackal attacks as it pursues you!
The jackal completely misses you. The adder bites you.
You are more poisoned.
The adder poisons you! 😮 HP[-3]
You take 3 damage, and now have 20/33 hp.
You feel sick. The jackal attacks as it pursues you! The jackal bites you.
There is an open door here. 😮 HP[-3]
You take 3 damage, and now have 17/33 hp.
You feel sick. The jackal barely misses you. 😨 HP[-1]
You take 1 damage, and now have 16/33 hp.
Unknown command.
You barely miss the jackal. Your grab misses the jackal.
Your squeeze misses the jackal.
You feel sick. The jackal barely misses you. 😨 HP[-1]
You take 1 damage, and now have 15/33 hp.
You are too injured to fight recklessly!
You tentacle-slap the jackal. You grab the jackal.
You tentacle-slap the jackal.
You kill the jackal!
You feel sick. 😨 HP[-1]
You take 1 damage, and now have 14/33 hp.
Unknown command.
You tentacle-slap the jackal. You grab the jackal. You squeeze the jackal.
You kill the jackal!
You feel sick. 😨 HP[-1]
You take 1 damage, and now have 13/33 hp.
You are too injured to fight recklessly!
You tentacle-slap the adder. You grab the adder. You squeeze the adder.
You constrict the adder.
You feel sick. The adder bites you.
* * * LOW HITPOINT WARNING * * *
The adder bites you.
* * * LOW HITPOINT WARNING * * *
You are more poisoned.
The adder poisons you! 😱 HP[-5]
You take 5 damage, and now have 8/33 hp.
You barely miss the adder. Your squeeze misses the adder.
You constrict the adder.
You feel sick. The adder bites you.
* * * LOW HITPOINT WARNING * * *
😱 HP[-3]
You take 3 damage, and now have 5/33 hp.
You tentacle-slap the adder but do no damage.
You constrict the adder.
* * * LOW HITPOINT WARNING * * *
You feel sick. The adder bites you.
* * * LOW HITPOINT WARNING * * *
You are too injured to fight recklessly! 😱 HP[-4]
You take 4 damage, and now have 1/33 hp.
Unknown command.
You bludgeon the adder!
You kill the adder!
You die...

Skill      XL: |  1  2  3  4  5 |
---------------+----------------+-----
Dodging        | 3 |  3.3
Unarmed Combat | 4 |  4.0
Fighting       | |  1.0
Shapeshifting  | |  3.9

Action                     |  1- 3 |  4- 6 || total
---------------------------+-------+-------++-------
  Melee: Unarmed           |    63 |    48 ||   111
         Tentacles         |    16 |    11 ||    27
         Constrict         |    15 |    19 ||    34
         Punch             |       |     4 ||     4
   Stab: Sleeping          |     5 |     2 ||     7
 Armour: Skin              |    26 |    19 ||    45
  Dodge: Dodged            |    36 |    33 ||    69

Levels and vault maps discovered:
D:1:      dpeg_arrival_windows_large_door, layout_loops_cross,
          shapermc_ecumenical_altar_rom_forum
D:2:      layout_basic, grunt_ministairs_15, nicolae_wormholes
D:3:      layout_rooms
D:4:      layout_basic, minmay_temple_entry_overgrown

Notes
Turn   | Place    | Note
-------+----------+-------------------------------------------
     0 | D:1      | ytrimaz the Octopode Shapeshifter began the quest for the
                  | Orb.
     0 | D:1      | Reached XP level 1. HP: 13/13 MP: 1/1
     0 | D:1      | magus.rc [v1.9.6]
    20 | D:1      | Found a faded altar of an unknown god.
    39 | D:1      | Got Plato's Disquisition on Shifting
   179 | D:1      | You add the spells Ignite Poison, Sticky Flame and Ignition
                  | to your library.
   193 | D:1      | Reached XP level 2. HP: 15/18 MP: 2/2
   568 | D:1      | Reached XP level 3. HP: 23/23 MP: 3/3
  1138 | D:2      | Reached XP level 4. HP: 28/28 MP: 4/4
  1157 | D:2      | Reached skill level 3 in Dodging
  1573 | D:3      | You pick up a book of Burglary and begin reading...
  1573 | D:3      | You add the spells Passwall, Ensorcelled Hibernation and
                  | Swiftness to your library.
  1810 | D:3      | Reached XP level 5. HP: 29/33 MP: 5/5
  1946 | D:3      | You pick up a book of the Wilderness and begin reading...
  1946 | D:3      | You add the spells Summon Forest, Summon Mana Viper and
                  | Summon Cactus Giant to your library.
  2019 | D:4      | Reached skill level 4 in Unarmed Combat
  2027 | D:4      | HP: 8/33 [adder (1)]
  2029 | D:4      | HP: 1/33 [adder (3)]
  2030 | D:4      | Succumbed to an adder's poison

Vanquished Creatures
  An orc priest (D:3)
  3 adders
  2 worms (D:2)
  3 orcs (D:3)
  7 endoplasms
  6 giant cockroaches
  6 goblins
  7 hobgoblins
  3 jackals (D:4)
  A quokka (D:3)
  3 ball pythons (D:1)
  6 bats
  3 frilled lizards
  5 kobolds
  8 rats
64 creatures vanquished.

Table legend:
 A = Non-vault XP
 B = Vault XP
 C = Vault XP percentage of total XP
 D = Non-vault monster count
 E = Vault monster count
 F = Vault count percentage of total count
                 A         B        C        D         E       F
            +---------+---------+-------+---------+---------+-------
      Total |     179 |      13 |   6.8 |      60 |       4 |   6.2
            +---------+---------+-------+---------+---------+-------
        D:1 |      38 |       0 |   0.0 |      22 |       0 |   0.0
        D:2 |      38 |      13 |  25.5 |      16 |       4 |  20.0
        D:3 |      83 |       0 |   0.0 |      18 |       0 |   0.0
        D:4 |      20 |       0 |   0.0 |       4 |       0 |   0.0
            +---------+---------+-------+---------+---------+-------

Skill      XL: |  1  2  3  4  5 |
---------------+----------------+-----
Dodging        | 3 |  3.3
Unarmed Combat | 4 |  4.0
Fighting       | |  1.0
Shapeshifting  | |  3.9

Action                     |  1- 3 |  4- 6 || total
---------------------------+-------+-------++-------
  Melee: Unarmed           |    63 |    48 ||   111
         Tentacles         |    16 |    11 ||    27
         Constrict         |    15 |    19 ||    34
         Punch             |       |     4 ||     4
   Stab: Sleeping          |     5 |     2 ||     7
 Armour: Skin              |    26 |    19 ||    45
  Dodge: Dodged            |    36 |    33 ||    69

Illustrated notes

Table legend:
 A = Kills in this place as a percentage of kills in the entire game.
 B = Kills by you in this place as a percentage of kills by you in the entire game.
 C = Kills by friends in this place as a percentage of kills by friends in the entire game.
 D = Other kills in this place as a percentage of other kills in the entire game.
 E = Experience gained in this place as a percentage of experience gained in the entire game.
 F = Experience gained in this place divided by the number of levels of this place that you have seen.
                   A       B       C       D       E      F
               +-------+-------+-------+-------+-------+----------------------
         Total | 100.0 | 100.0 |   N/A |   N/A | 100.0 |  48.0
       Dungeon | 100.0 | 100.0 |   N/A |   N/A | 100.0 |  48.0
               +-------+-------+-------+-------+-------+----------------------

Table legend: (Time is in decaauts)
 A = Elapsed time spent in this place.
 B = Non-inter-level travel time spent in this place.
 C = Inter-level travel time spent in this place.
 D = Time resting spent in this place.
 E = Time spent auto-exploring this place.
 F = Levels seen in this place.
 G = Mean time per level.
                   A        B        C        D        E       F      G
               +--------+--------+--------+--------+--------+-----+--------+
         Total |   2022 |   1952 |     70 |      0 |   1597 |   4 |  505.5 |
       Dungeon |   2022 |   1952 |     70 |      0 |   1597 |   4 |  505.5 |
               +--------+--------+--------+--------+--------+-----+--------+

Top non-repeatable levels by time:
     D:2: 796 daAuts
     D:1: 679 daAuts
     D:3: 519 daAuts
     D:4: 27 daAuts
